 Dungeon Sprint DCSS version 0.21-a0-215-g0631661 (webtiles) character file.

14000000 minicreteconcrete the Conqueror (level 27, -308/323 HPs)
             Began as a Demonspawn Fighter on Aug 22, 2017.
             Was the Champion of Makhleb.
             Annihilated by a fleshlord
             ... wielding a +9 great mace
              (319 damage)
             ... in the Dungeon (Sprint VIII: "Arena of Blood").
             The game lasted 00:06:16 (140 turns).

minicreteconcrete the Conqueror (Demonspawn Fighter) Turns: 140, Time: 00:06:17

Health: -308/323   AC: 17    Str: 20    XL:     27
Magic:  0/54       EV: 33    Int:  9    God:    Makhleb [******]
Gold:   0          SH:  0    Dex: 23    Spells: 80/80 levels left

rFire    + + .     SeeInvis +   a - +0 war axe
rCold    . . .     Gourm    .   (no shield)
rNeg     . . .     Faith    .   b - +0 scale mail
rPois    .         Spirit   +   (helmet unavailable)
rElec    .         Reflect  .   (no cloak)
rCorr    .         Harm     .   (no gloves)
MR       ++...     NoTele   +   (no boots)
Stlth    +++++++++.             (no amulet)
HPRegen  0.63/turn              m - ring of see invisible
MPRegen  0.68/turn              n - ring of protection from fire

@: lethally poisoned (-308 -> -326), slowed, very slow
A: horns 3, molten scales 3, foul stench 2, robust 3, magic shield, magic
regeneration, magic link, rot immunity
a: Minor Destruction, Lesser Servant of Makhleb, Major Destruction, Greater
Servant of Makhleb, Renounce Religion


You were in the Dungeon.
You worshipped Makhleb.
Makhleb was exalted by your worship.
You were not hungry.

You visited 1 branch

Inventory:

Hand Weapons
 a - a +0 war axe (weapon)
 l - the +∞ Axe of Woe
   (You found it in the Dungeon)
Armour
 b - a +0 scale mail (worn)
 c - a +0 shield
Jewellery
 m - a ring of see invisible (left hand)
 n - a ring of protection from fire (right hand)
Scrolls
 k - a scroll of blinking
Potions
 d - a potion of might
 e - a potion of curing
 g - a potion of heal wounds
 h - a potion of haste
 i - 2 potions of magic
 j - a potion of berserk rage
Comestibles
 f - a bread ration


   Skills:
 O Level 27 Fighting
 O Level 27 Axes
 O Level 27 Throwing
 O Level 27 Armour
 O Level 27 Dodging
 O Level 27 Stealth
 O Level 27 Shields
 O Level 27 Unarmed Combat
 O Level 27 Spellcasting
 O Level 27 Invocations


You had 80 spell levels left.
You didn't know any spells.

Dungeon Overview and Level Annotations

Branches:
Dungeon (1/1)

Altars:
Makhleb


Innate Abilities, Weirdness & Mutations

You have a pair of large horns on your head.
You are completely covered in molten scales. (AC +4, rF+)
You frequently emit foul miasma when damaged in melee.
You are extremely robust. (+30% HP)
When hurt, damage is shared between your health and your magic reserves.
You regenerate magic rapidly.
When low on magic, you restore magic in place of health.
You are immune to rotting.


Message History

The scourge convulses!
The fleshlord convulses! x2; The bag of meat convulses!
The scourge convulses!
The bag of meat convulses!
The wretched soul breathes negative energy at you.
The bolt of negative energy misses you.
The scourge bites you but does no damage.
You hear a shout! x7
The fleshlord casts a spell at you.
You barely resist.
A sea snake and an orc come into view.
The bag of meat shouts!
You slash the fleshlord!
The fleshlord is severely wounded.
You hit the scourge. You barely miss the fleshlord.
You closely miss the scourge.
* * * LOW HITPOINT WARNING * * *
You feel very sick.
You hear a shout! x2
The fleshlord hits you with a +9 great mace!!!!!!
Ouch! That really hurt!
You die...

#...p....#..)).%.......)).
#......).)#..).....#......
#............#.....#......
#....p.)).#......###......
#...z#.o..............###.
#..Vo##)......#........_).
#x.)§§#.)pV.#...o...#.)o..
#%))oVo###§o........#_.<._
#%.)§)##p@pS#.......#.....
#....#.pSp§o..#........_o.
#..p.#.)..o...........###.
#.p...W..D..S....###... .
#.......W......... #.. .
#...........L..... #..
#.........#..oS... ..
.......#.#.#...


You could see a tyrant, an eight-headed meat hydra, a destroyer (wandering), 4
scourges, 4 fleshlords, 2 wretched souls and 5 bags of meat.

Vanquished Creatures
  A hell knight (D)
  7 hell beasts (D)
  5 greater mummies (D)
  7 great orbs of eyes (D)
  4 wraiths (D)
  Harold (D)
  14 vampire knights (D)
  37 ogres (D)
  7 two-headed ogres (D)
  3 liches (D)
  2 hydras (D)
  105 orcs (D)
  6 phantoms (D)
  4 skeletal warriors (D)
  2 sea snakes (D)
  9 large abominations (D)
  11 small abominations (D)
  7 crawling corpses (D)
232 creatures vanquished.

Vanquished Creatures (others)
  An orc (D)
  7 crawling corpses (D)
8 creatures vanquished.

Grand Total: 240 creatures vanquished

Notes
Turn   | Place    | Note
-------+----------+-------------------------------------------
     0 | D        | Found the +∞ Axe of Woe
     0 | D        | minicreteconcrete the Demonspawn Fighter began the quest for the Orb.
     0 | D        | Reached XP level 1. HP: 18/18 MP: 1/1
     2 | D        | Noticed a bag of meat
     2 | D        | Noticed a bag of meat
     4 | D        | Noticed a bag of meat
     4 | D        | Noticed a bag of meat
     5 | D        | Noticed a bag of meat
     9 | D        | Killed a bag of meat
     9 | D        | Reached skill level 15 in Armour
     9 | D        | Gained mutation: You are immune to rotting. [demonic ancestry]
     9 | D        | Reached XP level 2. HP: 45/45 MP: 2/2
     9 | D        | Reached XP level 3. HP: 51/51 MP: 3/3
     9 | D        | Gained mutation: When hurt, damage is shared between your health and your magic reserves. [demonic ancestry]
     9 | D        | Reached XP level 4. HP: 58/58 MP: 4/4
     9 | D        | Reached XP level 5. HP: 64/64 MP: 5/5
     9 | D        | Gained mutation: You have a pair of small horns on your head. [demonic ancestry]
     9 | D        | Reached XP level 6. HP: 71/71 MP: 6/6
     9 | D        | Reached XP level 7. HP: 78/78 MP: 7/7
     9 | D        | Reached XP level 8. HP: 85/85 MP: 8/8
     9 | D        | Reached XP level 9. HP: 91/91 MP: 9/9
     9 | D        | Gained mutation: You are partially covered in molten scales. (AC +2) [demonic ancestry]
     9 | D        | Reached XP level 10. HP: 98/98 MP: 10/10
     9 | D        | Gained mutation: You regenerate magic rapidly. [demonic ancestry]
     9 | D        | Reached XP level 11. HP: 104/104 MP: 11/11
    10 | D        | Became a worshipper of Makhleb the Destroyer
    11 | D        | Noticed a bag of meat
    11 | D        | Killed a bag of meat
    11 | D        | Reached XP level 12. HP: 102/117 MP: 9/12
    11 | D        | Killed a bag of meat
    11 | D        | Reached * piety under Makhleb
    11 | D        | Reached skill level 10 in Axes
    11 | D        | Gained mutation: You have a pair of horns on your head. [demonic ancestry]
    11 | D        | Reached XP level 13. HP: 110/127 MP: 9/13
    12 | D        | Killed a bag of meat
    12 | D        | Gained mutation: You have a pair of large horns on your head. [demonic ancestry]
    12 | D        | Reached XP level 14. HP: 115/138 MP: 9/14
    12 | D        | Killed a bag of meat
    12 | D        | Reached skill level 10 in Dodging
    13 | D        | Noticed a bag of meat
    13 | D        | Noticed a meat berserker
    15 | D        | Noticed a meat berserker
    15 | D        | Noticed a bag of meat
    15 | D        | Noticed a bag of meat
    16 | D        | Noticed a bag of meat
    16 | D        | Noticed a bag of meat
    16 | D        | Noticed a meat berserker
    16 | D        | Noticed a bag of meat
    16 | D        | Noticed a meat berserker
    17 | D        | Noticed a bag of meat
    17 | D        | Noticed a bag of meat
    17 | D        | Noticed a bag of meat
    17 | D        | Noticed a bag of meat
    17 | D        | Noticed a bag of meat
    18 | D        | Noticed a bag of meat
    18 | D        | Noticed a bag of meat
    18 | D        | Noticed a bag of meat
    18 | D        | Noticed a bag of meat
    18 | D        | Noticed a meat berserker
    19 | D        | Noticed a bag of meat
    19 | D        | Noticed a bag of meat
    19 | D        | Noticed a meat berserker
    19 | D        | Noticed a bag of meat
    19 | D        | Noticed a bag of meat
    20 | D        | Noticed a bag of meat
    20 | D        | Noticed a meat berserker
    20 | D        | Killed a meat berserker
    20 | D        | Reached ** piety under Makhleb
    20 | D        | Gained mutation: You are mostly covered in molten scales. (AC +3) [demonic ancestry]
    20 | D        | Reached XP level 15. HP: 130/151 MP: 4/15
    20 | D        | Reached skill level 15 in Axes
    20 | D        | Reached skill level 15 in Dodging
    20 | D        | Reached XP level 16. HP: 163/163 MP: 4/16
    21 | D        | Noticed a meat berserker
    21 | D        | Noticed a meat berserker
    21 | D        | Noticed a meat berserker
    21 | D        | Noticed a destroyer
    21 | D        | Killed a meat berserker
    21 | D        | Reached *** piety under Makhleb
    21 | D        | Killed a meat berserker
    21 | D        | Reached skill level 27 in Fighting
    21 | D        | Reached XP level 17. HP: 150/174 MP: 3/17
    22 | D        | Noticed a large bag of meat
    22 | D        | Noticed a meat berserker
    22 | D        | Noticed a destroyer
    22 | D        | Killed a meat berserker
    22 | D        | Reached skill level 27 in Armour
    22 | D        | Reached **** piety under Makhleb
    22 | D        | Gained mutation: When low on magic, you restore magic in place of health. [demonic ancestry]
    22 | D        | Reached XP level 18. HP: 182/182 MP: 3/18
    22 | D        | Killed a meat berserker
    22 | D        | Killed a meat berserker
    22 | D        | Reached skill level 27 in Axes
    22 | D        | Reached skill level 27 in Dodging
    22 | D        | Gained mutation: You are robust. (+10% HP) [demonic ancestry]
    22 | D        | Reached XP level 19. HP: 182/207 MP: 3/19
    23 | D        | Killed a meat berserker
    23 | D        | Killed a destroyer
    23 | D        | Reached ***** piety under Makhleb
    23 | D        | Reached skill level 15 in Stealth
    23 | D        | Gained mutation: You are completely covered in molten scales. (AC +4, rF+) [demonic ancestry]
    23 | D        | Reached XP level 20. HP: 216/216 MP: 4/38
    23 | D        | Reached skill level 15 in Throwing
    23 | D        | Reached skill level 15 in Unarmed Combat
    23 | D        | Reached skill level 15 in Spellcasting
    24 | D        | Noticed a large bag of meat
    24 | D        | Killed a meat berserker
    24 | D        | Killed a destroyer
    24 | D        | Gained mutation: You are very robust. (+20% HP) [demonic ancestry]
    24 | D        | Reached XP level 21. HP: 216/244 MP: 4/44
    24 | D        | Reached skill level 27 in Invocations
    24 | D        | Noticed a large bag of meat
    25 | D        | Noticed a large bag of meat
    26 | D        | Reached ****** piety under Makhleb
    26 | D        | Gained mutation: You are extremely robust. (+30% HP) [demonic ancestry]
    26 | D        | Reached XP level 22. HP: 244/275 MP: 5/49
    26 | D        | Reached skill level 27 in Stealth
    26 | D        | Reached skill level 27 in Throwing
    26 | D        | Reached skill level 27 in Unarmed Combat
    26 | D        | Reached skill level 27 in Spellcasting
    27 | D        | Gained mutation: You may emit foul miasma when damaged in melee. [demonic ancestry]
    27 | D        | Reached XP level 23. HP: 284/284 MP: 5/54
    27 | D        | Reached skill level 27 in Shields
    28 | D        | Noticed a large bag of meat
    29 | D        | Noticed The Servant
    30 | D        | Noticed a destroyer
    32 | D        | Killed a large bag of meat
    32 | D        | HP: 13/284 [large bag of meat/exploding inner flame (21)]
    32 | D        | Reached XP level 24. HP: 13/295 MP: 0/54
    32 | D        | Killed a large bag of meat
    33 | D        | Reached XP level 25. HP: 284/304 MP: 1/54
    36 | D        | Gained mutation: You frequently emit foul miasma when damaged in melee. [demonic ancestry]
    36 | D        | Reached XP level 26. HP: 314/314 MP: 4/54
    37 | D        | Noticed a destroyer
    37 | D        | Noticed a destroyer
    37 | D        | Killed a destroyer
    38 | D        | Noticed a destroyer
    40 | D        | Noticed a large bag of meat
    41 | D        | Reached XP level 27. HP: 323/323 MP: 9/54
    41 | D        | Killed a destroyer
    47 | D        | Noticed a destroyer
    51 | D        | Killed a destroyer
    51 | D        | Killed a destroyer
    54 | D        | Killed a large bag of meat
    55 | D        | Noticed a tyrant
    56 | D        | Killed a large bag of meat
    56 | D        | Killed a destroyer
    58 | D        | Killed The Servant
    63 | D        | Noticed a destroyer
    65 | D        | Noticed a dread
    66 | D        | Noticed a dread
    67 | D        | Killed a tyrant
    67 | D        | Killed a destroyer
    68 | D        | Noticed a meat beast
    69 | D        | Noticed an accursed
    69 | D        | Killed a large bag of meat
    71 | D        | Noticed a destroyer
    71 | D        | Noticed a destroyer
    71 | D        | Noticed an accursed
    72 | D        | Killed a meat beast
    73 | D        | Noticed a dread
    73 | D        | Killed a destroyer
    74 | D        | Killed a large bag of meat
    75 | D        | Noticed a destroyer
    75 | D        | Killed a dread
    78 | D        | Noticed a destroyer
    79 | D        | Killed a destroyer
    79 | D        | Killed an accursed
    82 | D        | Killed a dread
    82 | D        | Killed a dread
    83 | D        | Killed a destroyer
    87 | D        | Noticed a meat beast
    88 | D        | Killed an accursed
    88 | D        | Killed a destroyer
    89 | D        | Noticed a dread
    90 | D        | Noticed an accursed
    90 | D        | Killed a meat beast
    91 | D        | Noticed a meat beast
    91 | D        | Noticed a meat beast
    93 | D        | Killed a meat beast
    94 | D        | Killed a meat beast
    95 | D        | Noticed a destroyer
    96 | D        | Noticed an accursed
    96 | D        | Noticed a tyrant
    99 | D        | Noticed a meat beast
   108 | D        | Noticed a large bag of meat
   110 | D        | Noticed a tyrant
   110 | D        | Killed a meat beast
   110 | D        | Killed a dread
   111 | D        | Noticed a destroyer
   112 | D        | Noticed a destroyer
   113 | D        | Killed a destroyer
   114 | D        | Killed a tyrant
   116 | D        | Killed a destroyer
   118 | D        | Killed a large bag of meat
   119 | D        | Killed an accursed
   120 | D        | Noticed a fleshlord
   121 | D        | Killed an accursed
   123 | D        | Killed a tyrant
   125 | D        | Killed a fleshlord
   126 | D        | Noticed an accursed
   129 | D        | Noticed a fleshlord
   131 | D        | Noticed a fleshlord
   131 | D        | Noticed a fleshlord
   133 | D        | Noticed a fleshlord
   133 | D        | Noticed a meat beast
   133 | D        | Killed an accursed
   134 | D        | Noticed a fleshlord
   134 | D        | Noticed a fleshlord
   135 | D        | Noticed a meat beast
   137 | D        | Noticed a tyrant
   137 | D        | Killed a meat beast
   137 | D        | Killed a meat beast
   139 | D        | HP: 14/323 [??? (11)]
   140 | D        | Annihilated by a fleshlord

Vault maps used:
D:        meatsprint

Skill      XL: |  1  2  3  4  5  6  7  8  9 10 11 12 13 14 15 16 17 18 19 20 21 22 23 |
---------------+----------------------------------------------------------------------+-----
Fighting       | 16 18 20 21 24 25 27 | 27.0
Axes           | 8 9 10 11 14 15 19 23 27 | 27.0
Armour         | 15 17 18 19 22 23 26 27 | 27.0
Shields        | 14 16 18 22 27 | 27.0
Dodging        | 7 13 15 20 23 27 | 27.0
Throwing       | 14 19 22 27 | 27.0
Stealth        | 15 21 24 27 | 27.0
Unarmed Combat | 14 19 23 27 | 27.0
Spellcasting   | 14 19 23 27 | 27.0
Invocations    | 19 25 27 | 27.0

Action                   |  1- 3 |  4- 6 |  7- 9 | 10-12 | 13-15 | 16-18 | 19-21 | 22-24 | 25-27 || total
-------------------------+-------+-------+-------+-------+-------+-------+-------+-------+-------++-------
Melee: Executioner's axe |     1 |       |       |     1 |     2 |     2 |     3 |     3 |    60 ||    72
       War axe           |       |       |       |       |       |       |       |       |     2 ||     2
Armor: Scale mail        |       |       |       |       |       |       |       |     1 |    20 ||    21
Dodge: Dodged            |       |       |       |     1 |     2 |       |     3 |     1 |    39 ||    46

Table legend:
 A = Spawn XP
 B = Non-spawn XP
 C = Spawn XP percentage of total XP
 D = Spawn monster count
 E = Non-spawn monster count
 F = Spawn count percentage of total count
 G = Total turns spent on level
                    A         B        C        D         E        F      G
               +---------+---------+-------+---------+---------+-------+---------
         Total |       0 | 5606825 |   0.0 |       0 |     224 |   0.0 |   140
               +---------+---------+-------+---------+---------+-------+---------
             D |       0 | 5606825 |   0.0 |       0 |     224 |   0.0 |   140
               +---------+---------+-------+---------+---------+-------+---------
